 Dungeon Crawl Stone Soup version 0.31.0-11-ge490571c62 (webtiles) character file.

Game seed: 5172555609302648680

26 Ofeo the Trooper (level 2, 0/27 HPs)
             Began as a Minotaur Berserker on Feb 3, 2024.
             Was a Believer of Trog.
             Killed from afar by a dart slug (3 damage)
             ... with a slug dart
             ... on level 2 of the Dungeon.
             The game lasted 00:00:30 (403 turns).

Ofeo the Trooper (Minotaur Berserker)                Turns: 403, Time: 00:00:31

Health: 0/27       AC:  9    Str: 21    XL:     2   Next: 89%
Magic:  1/1        EV:  8    Int:  4    God:    Trog [**....]
Gold:   0          SH:  0    Dex:  9    Spells: 1/1 levels left

rFire   . . .        a - +0 hand axe
rCold   . . .        (no shield)
rNeg    . . .        e - +0 chain mail
rPois   .            (helmet restricted)
rElec   .            (no cloak)
rCorr   .            (no gloves)
SInv    .            (no boots)
Will    .....        (no amulet) Stlth
                     (no ring)
HPRegen 0.24/turn    (no ring)
MPRegen 0.07/turn

%: no passive effects
@: on berserk cooldown, slowed, very slow
A: horns 2, retaliatory headbutt
a: Renounce Religion, Berserk, Trog's Hand


You were on level 2 of the Dungeon.
You worshipped Trog.
Trog was pleased with you.
You visited 1 branch of the dungeon, and saw 2 of its levels.

Inventory:

Hand Weapons
 a - a +0 hand axe (weapon)
Armour
 b - a +0 animal skin
 e - a +0 chain mail (worn)
Scrolls
 c - a scroll of enchant armour {unknown}
 d - a scroll of teleportation {unknown}
Potions
 f - a potion of heal wounds {unknown}
 g - 2 potions of curing {unknown}


   Skills:
 + Level 4.0 Fighting
 + Level 4.0 Axes
 + Level 3.0 Armour
 + Level 2.6 Dodging


You had one spell level left.
You didn't know any spells.
Your spell library was empty.

Dungeon Overview and Level Annotations

Branches:
Dungeon (2/15)

Altars:

Shops:
D:2 [


Innate Abilities, Weirdness & Mutations

You have a pair of horns on your head.
You reflexively headbutt those who attack you in melee.


Message History

You completely miss the goblin. Your headbutt misses the goblin.
The goblin hits you with a +0 club.
* * * LOW HITPOINT WARNING * * *
A dart slug comes into view.
Terence barely misses you.
You take 1 damage, and have 8/40 hp.
You slash the goblin!
You feel the power of Trog in you as your rage grows.
You kill the goblin!
Trog accepts your kill.
Terence hits you from afar with a +0 trident.
* * * LOW HITPOINT WARNING * * *
Your Armour skill increases to level 3!
You take 3 damage, and have 5/40 hp.
Items here: )) †††.
You hit Terence.
Terence is moderately wounded.
Terence hits you with a +0 trident.
* * * LOW HITPOINT WARNING * * *
You take 1 damage, and have 4/40 hp.
You hit Terence but do no damage.
Terence is moderately wounded.
Terence shouts, "Now you die!" Terence hits you with a +0 trident.
* * * LOW HITPOINT WARNING * * *
You barely miss Terence. Your headbutt misses Terence.
Terence is moderately wounded.
You hit Terence. You headbutt Terence, but do no damage.
Terence is severely wounded.
You are no longer berserk.
You are exhausted.
You feel yourself slow down. Terence hits you but does no damage.
You now have 3/27 hp.
You barely miss Terence. You headbutt Terence.
You kill Terence!
Trog accepts your kill.
You hit the dart slug. The dart slug launches a dart at you.
The slug dart hits you.
You die...

##............
#.............
#.............
#..........)..
#.............
#.............
#..........?...
##..$.)........
#...8@.#......
#.##w###.#....
#.8.∩.8w?.....
####.......<..
#8.........
#.<........
#..........
#..........
#..........


You could see a dart slug.

Vanquished Creatures
  Terence (D:2)
  2 endoplasms (D:1)
  3 giant cockroaches
  2 goblins
  2 jackals (D:1)
  5 ball pythons
  2 bats
  3 frilled lizards
  4 kobolds
  3 rats (D:1)
27 creatures vanquished.

Notes
Turn   | Place    | Note
-------+----------+-------------------------------------------
     0 | D:1      | Ofeo the Minotaur Berserker began the quest for the Orb.
     0 | D:1      | Reached XP level 1. HP: 19/19 MP: 0/0
   149 | D:1      | Reached XP level 2. HP: 27/27 MP: 1/1
   369 | D:2      | Found Gimaoduv's Antique Armour Boutique.
   375 | D:2      | Noticed Terence
   388 | D:2      | Reached ** piety under Trog
   403 | D:2      | Killed Terence
   403 | D:2      | Killed from afar by a dart slug

Illustrated notes

Levels and vault maps discovered:
D:1:      lightli_arrival_flooded_house, layout_loops_ring,
          chequers_serial_rivers_large_b, minmay_pentomino_r2
D:2:      layout_rooms, serial_shops, nicolae_shop_statue_plus, uniq_terence

Skill      XL: |  1  2 |
---------------+-------+-----
Fighting       | 4 |  4.0
Axes           | 4 |  4.0
Armour         | 3 |  3.0
Dodging        | |  2.6

Action                     || total
---------------------------++-------
  Melee: Hand axe          ||    58
         Headbutt          ||     8
 Invoke: Berserk           ||     1
 Armour: Animal skin       ||    15
         Chain mail        ||    39
  Dodge: Dodged            ||    33
